 Dungeon Crawl Stone Soup version 0.29-a0-813-g4a14ea37d6 (webtiles) character file.

Game seed: 6822809867427031916

385 gobodom the Chopper (level 6, -6/46 HPs)
             Began as a Demonspawn Gladiator on July 5, 2022.
             Mangled by a gnoll
             ... wielding a +0 flail
             ... led by a gnoll bouda
              (7 damage)
             ... on level 4 of the Dungeon.
             The game lasted 00:07:42 (3651 turns).

gobodom the Chopper (Demonspawn Gladiator)          Turns: 3651, Time: 00:07:43

Health: -6/46      AC:  5    Str: 16    XL:     6   Next: 48%
Magic:  6/6        EV: 12    Int: 10    God:
Gold:   255        SH:  0    Dex: 14    Spells: 5/5 levels left

rFire   . . .      SeeInvis .   a - +0 war axe
rCold   . . .      Faith    .   (no shield)
rNeg    . . .      Spirit   .   o - +0 ring mail
rPois   +          Reflect  .   z - +0 hat
rElec   .          Harm     .   (no cloak)
rCorr   .          Rampage  .   (no gloves)
Will    .....      Clarity  +   (no boots)
Stlth   +.........              (no amulet)
HPRegen 0.00/turn               y - ring of wizardry
MPRegen 0.20/turn               (no ring)

@: brilliant, inhibited regen
A: magic regeneration, weakness stinger 1, demonic touch 2, clarity, poison
resistance, inhibited regeneration
a: no special abilities


You were on level 4 of the Dungeon.
You visited 1 branch of the dungeon, and saw 4 of its levels.

You collected 255 gold pieces.

Inventory:

Hand Weapons
 a - a +0 war axe (weapon)
 r - a +0 arbalest
Missiles
 e - a javelin (quivered)
Armour
 b - a +0 leather armour
 c - a +0 helmet
 l - a +0 scale mail
 o - a +0 ring mail (worn)
 z - a +0 hat (worn)
Jewellery
 k - a ring of flight
 y - a ring of wizardry (left hand)
Wands
 s - a wand of polymorph (9)
Scrolls
 d - a scroll of enchant weapon {unknown}
 g - 2 scrolls of amnesia {unknown}
 h - a scroll of identify {unknown}
 m - 2 scrolls of poison {unknown}
 p - 2 scrolls of blinking {unknown}
 q - a scroll of teleportation {unknown}
 w - a scroll of enchant armour {unknown}
 x - a scroll of fog {unknown}
 A - 3 scrolls of acquirement {unknown}
Potions
 f - 3 potions of brilliance
 j - a potion of might {unknown}
 n - a potion of cancellation {unknown}
 t - a potion of attraction {unknown}
 u - a potion of haste {unknown}
 v - a potion of curing {unknown}


   Skills:
 + Level 2.9 Fighting
 + Level 4.8 Axes
 + Level 1.9 Throwing
 + Level 2.3 Armour
 + Level 3.8 Dodging
 + Level 0.8 Stealth


You had 5 spell levels left.
You didn't know any spells.
Your spell library contained the following spells:

 Spells                   Type           Power      Damage    Failure   Level
 Summon Guardian Golem    Hex/Summ       0%         N/A       61%         3
 Orb of Destruction       Conj           0%         9d5       100%        7
 Spellforged Servitor     Conj/Summ      0%         N/A       100%        7


Dungeon Overview and Level Annotations

Branches:
Dungeon (4/15)
 Temple: D:4-7

Altars:
Trog
Wu Jian
Yredelemnul


Innate Abilities, Weirdness & Mutations

You regenerate magic rapidly.
You have a small tail.
Your touch may inflict irresistible damage on your foes.
You possess an exceptional clarity of mind.
Your system is resistant to poisons. (rPois)
You do not regenerate when monsters are visible.


Message History

You feel your attacks grow feeble.
The gnoll throws a throwing net.
The throwing net closely misses you.
A gnoll comes into view. It is wielding a +0 club.
The gnoll bouda hits you with a +0 club.
The gnoll hits you with a +0 flail!
You slash the gnoll bouda!
You touch the gnoll bouda.
You kill the gnoll bouda!
You barely miss the gnoll.
A gnoll comes into view. It is wielding a +0 whip.
The gnoll hits you with a +0 flail.
* * * LOW HITPOINT WARNING * * *
You slash the gnoll! Your touch misses the gnoll.
The gnoll is heavily wounded.
The gnoll barely misses you.
You hit the gnoll but do no damage.
You touch the gnoll.
You kill the gnoll!
Your attacks no longer feel as feeble.
The gnoll closely misses you.
You completely miss the gnoll. You tail-slap the gnoll.
The gnoll is moderately wounded.
The gnoll hits you with a +0 flail.
* * * LOW HITPOINT WARNING * * *
You barely miss the gnoll.
Your tail-slap misses the gnoll.
You punch the gnoll, but do no damage.
The gnoll is moderately wounded.
The gnoll hits you with a +0 flail.
* * * LOW HITPOINT WARNING * * *
You closely miss the gnoll.
The gnoll is moderately wounded.
The gnoll barely misses you. The gnoll hits you with a +0 flail.
* * * LOW HITPOINT WARNING * * *
It was a potion of brilliance.
You feel clever all of a sudden.
The gnoll is no longer moving quickly.
The gnoll hits you with a +0 flail.
* * * LOW HITPOINT WARNING * * *
It was a potion of mutation.
You feel extremely strange.
Your thoughts seem clearer.
You feel resistant to poisons.
Your regeneration stops near monsters.
The gnoll hits you with a +0 flail!
You die...

#####.####
#######)@ggg....
#......)###.###.
..###(..##
#.....# ##...##
##.## #.# #.#
#.# #.# #.#
##'##


You could see 3 gnolls.

Vanquished Creatures
  A water moccasin (D:4)
  An ogre (D:4)
  A gnoll bouda (D:4)
  Natasha (thrice) (D:2)
  A gnoll (D:4)
  3 adders (D:2)
  6 orcs
  4 ball pythons
  4 endoplasms
  3 giant cockroaches (D:4)
  5 goblins
  7 hobgoblins
  4 quokkas
  7 bats
  3 frilled lizards
  5 kobolds
  8 rats
66 creatures vanquished.

Notes
Turn   | Place    | Note
-------+----------+-------------------------------------------
     0 | D:1      | gobodom the Demonspawn Gladiator began the quest for the
                  | Orb.
     0 | D:1      | Reached XP level 1. HP: 16/16 MP: 1/1
   239 | D:1      | Reached skill level 3 in Axes
   272 | D:1      | Discovered your monstrous ancestry.
   272 | D:1      | Gained mutation: Your touch may inflict minor irresistible
                  | damage on your foes. [demonic ancestry]
   272 | D:1      | Reached XP level 2. HP: 19/22 MP: 2/2
   695 | D:1      | Found a faded altar of an unknown god.
  1008 | D:2      | Gained mutation: You have a small tail. [demonic ancestry]
  1008 | D:2      | Reached XP level 3. HP: 27/27 MP: 3/3
  1571 | D:2      | Noticed Natasha
  1579 | D:2      | Killed Natasha
  1580 | D:2      | Gained mutation: You regenerate magic rapidly. [demonic
                  | ancestry]
  1580 | D:2      | Reached XP level 4. HP: 3/33 MP: 4/4
  1875 | D:2      | Noticed Natasha
  1882 | D:2      | Killed Natasha
  1923 | D:2      | Noticed Natasha
  1933 | D:2      | Killed Natasha
  1934 | D:2      | Reached skill level 4 in Axes
  2104 | D:3      | Found a basalt altar of Yredelemnul.
  2193 | D:3      | Reached skill level 1 in Armour
  2392 | D:3      | Reached XP level 5. HP: 39/39 MP: 5/5
  3125 | D:4      | Noticed an ogre
  3137 | D:4      | Killed an ogre
  3216 | D:4      | Noticed a water moccasin
  3223 | D:4      | Killed a water moccasin
  3224 | D:4      | Gained mutation: Your touch may inflict irresistible damage
                  | on your foes. [demonic ancestry]
  3224 | D:4      | Reached XP level 6. HP: 42/46 MP: 6/6
  3463 | D:4      | Found a bloodstained altar of Trog.
  3469 | D:4      | Found an ornate altar of the Wu Jian Council.
  3650 | D:4      | HP: 1/46 [gnoll/+0 flail[a gnoll bouda] (3)]
  3651 | D:4      | Gained mutation: You possess an exceptional clarity of
                  | mind. [potion of mutation]
  3651 | D:4      | Gained mutation: Your system is resistant to poisons.
                  | (rPois) [potion of mutation]
  3651 | D:4      | Gained mutation: You do not regenerate when monsters are
                  | visible. [potion of mutation]
  3651 | D:4      | Mangled by a gnoll

Illustrated notes

Levels and vault maps discovered:
D:1:      amcnicky_arrival_abandoned_market, layout_rooms,
          shapermc_ecumenical_altar_mp_vishouse, roderic_lattice_a
D:2:      layout_loops_cross, uniq_natasha
D:3:      layout_basic, lemuel_doored_altar, minmay_misc_feat_columns,
          grunt_decor_one_mirror
D:4:      layout_loops_corners, grunt_temple_overflow_open

Skill      XL: |  1  2  3  4  5 |
---------------+----------------+-----
Axes           | 3 4 |  4.8
Dodging        | 3 |  3.8
Armour         | 1 2 |  2.3
Fighting       | |  2.9
Throwing       | |  1.9
Stealth        | |  0.8

Action                   |  1- 3 |  4- 6 || total
-------------------------+-------+-------++-------
Melee: War axe           |    80 |    70 ||   150
       Touch             |    10 |    12 ||    22
       Tailslap          |     6 |    12 ||    18
       Punch             |       |     2 ||     2
Throw: Throwing net      |       |     3 ||     3
  Use: Potion            |       |     2 ||     2
Armor: Leather armour    |    16 |       ||    16
       Ring mail         |    18 |    21 ||    39
       Scale mail        |     1 |       ||     1
       Skin              |       |     8 ||     8
Dodge: Dodged            |    57 |    22 ||    79

Table legend: (Time is in decaauts)
 A = Elapsed time spent in this place.
 B = Non-inter-level travel time spent in this place.
 C = Inter-level travel time spent in this place.
 D = Time resting spent in this place.
 E = Time spent auto-exploring this place.
 F = Levels seen in this place.
 G = Mean time per level.
                   A        B        C        D        E       F      G
               +--------+--------+--------+--------+--------+-----+--------+
         Total |   3707 |   3503 |    204 |      0 |   2838 |   4 |  926.8 |
       Dungeon |   3707 |   3503 |    204 |      0 |   2838 |   4 |  926.8 |
               +--------+--------+--------+--------+--------+-----+--------+

Top non-repeatable levels by time:
     D:2: 1154 daAuts
     D:3: 1068 daAuts
     D:1: 944 daAuts
     D:4: 539 daAuts
